 Dungeon Crawl Stone Soup version 0.27-a0-562-g0d39f094a4 (webtiles) character file.

Game seed: 4690049341919665969

10604 porpoise the Basher (level 11, 0/97 HPs)
             Began as a Minotaur Delver on Mar 9, 2021.
             Was an Elder of the Shining One.
             Killed from afar by a raiju (8 damage)
             ... with a living lightning
             ... on level 1 of the Abyss.
             The game lasted 00:47:23 (11094 turns).

porpoise the Basher (Minotaur Delver)              Turns: 11094, Time: 00:47:23

Health: 0/97       AC: 16    Str: 29    XL:     11   Next: 38%
Magic:  13/13      EV: 12    Int: 12    God:    the Shining One [****..]
Gold:   542        SH: 13    Dex: 13    Spells: 10/10 levels left

rFire    . . .     SeeInvis .   a - +1 flail (holy)
rCold    + . .     Faith    .   N - +2 kite shield
rNeg     + + .     Spirit   .   s - +2 ring mail {rC+}
rPois    .         Reflect  .   C - +1 hat {Int+3}
rElec    .         Harm     .   y - +0 cloak
rCorr    .         Rampage  .   A - +2 pair of gloves of the Slug {Str+4 Int+2}
Will     .....                  t - +1 pair of boots
Stlth    +.........             (no amulet)
HPRegen  0.00/turn              B - +6 ring of strength
MPRegen  0.13/turn              (no ring)

@: non-regenerating, diseased, glowing
A: horns 2, retaliatory headbutt
a: Renounce Religion, Divine Shield, Cleansing Flame


You were on level 1 of the Abyss.
You worshipped the Shining One.
The Shining One was greatly pleased with you.
You visited 1 branch of the dungeon, and saw 10 of its levels.
You visited the Abyss 1 time.

You collected 672 gold pieces.
You spent 130 gold pieces at shops.

Inventory:

Hand Weapons
 a - a +1 flail of holy wrath (weapon)
 b - a +1 hunting sling
 w - a +1 flail of protection
 F - the +5 scythe "Finisher" {speed, eviscerate}
   (You found it on level 7 of the Dungeon)

   Attacks with this weapon are significantly faster.
Missiles
 l - 53 poisoned darts
 m - 247 stones
 q - 48 sling bullets
 D - a curare-tipped dart
 H - 55 bolts
 I - 17 javelins (quivered)
Armour
 s - a +2 ring mail of cold resistance (worn)
 t - a +1 pair of boots (worn)
 y - a +0 cloak (worn)
 z - the +2 leather armour of Xaniez Folik {rElec MP+9 Int+7}
   (You took it off an orc on level 6 of the Dungeon)

   It affects your intelligence (+7).
   It insulates you from electricity.
   It affects your magic capacity (+9).
 A - the +2 pair of gloves of the Slug (worn) {Str+4 Int+2}
   (You found it on level 6 of the Dungeon)

   It affects your strength (+4).
   It affects your intelligence (+2).
 C - a +1 hat of intelligence (worn)
 N - a +2 kite shield (worn)
Jewellery
 B - a +6 ring of strength (left hand)
Wands
 g - a wand of digging (2)
 u - a wand of acid (10)
 J - a wand of random effects (29)
Scrolls
 c - 2 scrolls of fog
 d - 2 scrolls of magic mapping
 e - 2 scrolls of fear
 i - 3 scrolls of teleportation
 j - a scroll of identify
 p - 2 scrolls of enchant armour
 r - 4 scrolls of enchant weapon
 E - a scroll of immolation
 L - a scroll of vulnerability {unknown}
 M - a scroll of blinking {unknown}
Potions
 f - 2 potions of haste
 h - 2 potions of berserk rage
 k - 3 potions of attraction
 n - 3 potions of curing
 o - 2 potions of heal wounds
 v - a potion of lignification
 x - a potion of ambrosia
 K - a potion of resistance


   Skills:
 + Level 9.0 Fighting
 - Level 14.0 Maces & Flails
 - Level 7.0 Armour
 - Level 7.0 Dodging
 - Level 4.1 Stealth
 + Level 5.8 Shields
 - Level 5.0 Invocations
 - Level 3.0 Evocations


You had 10 spell levels left.
You didn't know any spells.
Your spell library was empty.

Dungeon Overview and Level Annotations

Branches:
Dungeon (10/15)            Temple (0/1) D:6            Lair (0/6) D:10
    Orc (0/2) D:9

Altars:
Ashenzari
Cheibriados
Dithmenos
Gozag
Hepliaklqana
Okawaru
Qazlal
Xom
Yredelemnul
Zin
The Shining One

Shops:
D:4 =   D:5 (   D:7 *   D:8 [   D:9 *

Annotations:
D:10 Erolcha


Innate Abilities, Weirdness & Mutations

You have a pair of horns on your head.
You reflexively headbutt those who attack you in melee.


Message History

The blast of rubble hits you.
Something shouts, "Slither hence, thou unctious onion-eyed guttersnipe!"
You closely miss the raiju. You headbutt the raiju!
The raiju is moderately wounded.
You block the raiju's attack.
You hit the raiju but do no damage. You headbutt the raiju.
The raiju is moderately wounded.
The raiju bursts into living lightning!
The living lightning hits you! The living lightning misses you.
The raiju blinks!
You block the raiju's attack.
Your ring mail prevents you from hitting the white draconian stormcaller.
The raiju bursts into living lightning!
The living lightning misses you. The living lightning hits you!
The living lightning hits the raiju.
The raiju completely resists.
The raiju blinks!
The white draconian stormcaller calls down the wrath of Qazlal upon you.
Qazlal smites you!
A large abomination comes into view.
The raiju bursts into living lightning!
The living lightning hits you!
* * * LOW HITPOINT WARNING * * *
The living lightning misses you.
The living lightning hits the raiju.
The raiju completely resists.
The raiju blinks! x2
You hit the white draconian stormcaller but do no damage.
The white draconian stormcaller hits you with a +0 dagger!
* * * LOW HITPOINT WARNING * * *
You block the raiju's attack.
You hit the white draconian stormcaller but do no damage.
You headbutt the white draconian stormcaller, but do no damage.
The white draconian stormcaller hits you but does no damage.
You barely miss the white draconian stormcaller.
You headbutt the white draconian stormcaller.
The white draconian stormcaller is lightly wounded.
The raiju closely misses you. You furiously retaliate!
You headbutt the raiju!
The raiju bursts into living lightning!
The living lightning hits the raiju.
The raiju completely resists.
The living lightning hits you!
* * * LOW HITPOINT WARNING * * *
The living lightning hits you!
You die...

.# # . #.. #
#... ###
..#...###..##
.# #........#.
...#
#.##.##hX....##
.. #
#[.hqh#..#.# .
.# #. .#@#
#.§#.. . #
#..#.## .## ..#
.# #
....#.#..#.#.#
#.# # ........
## ##.#.#..# #
#.....#...#. ..
. . #
.......##..# .#
...#.# #
..#..#.. ..
.#.... . #
..##..##. .####
. #.# .# ..§
#..## .##


You could see a white draconian stormcaller, a large abomination and 3 raiju.

Vanquished Creatures
  Gastronok (D:8)
  2 two-headed ogres
  Pikel (D:8)
  A troll (D:9)
  An ancient zyme (Abyss:1)
  4 wraiths
  3 wyverns
  2 yaks (D:10)
  2 water moccasins (D:10)
  6 ice beasts
  3 sky beasts
  7 orc warriors
  An eye of draining (D:8)
  2 necrophages (D:9)
  7 ogres
  4 phantoms
  7 centaurs
  3 kobold brigands
  4 gnoll sergeants (D:9)
  3 bullfrogs
  A small abomination (Abyss:1)
  8 wights
  2 howler monkeys
  A centaur zombie (D:8)
  4 hounds
  2 jellies
  A centaur skeleton (D:4)
  8 orc priests
  An iguana (D:5)
  7 orc wizards
  6 worker ants
  Terence (D:2)
  A hound zombie (D:7)
  Robin (D:4)
  10 adders
  6 gnolls
  4 white imps
  2 ufetubi (D:5)
  2 oozes (D:5)
  3 worms
  3 dart slugs
  5 leopard geckos
  36 orcs
  4 ball pythons
  5 bats
  5 giant cockroaches
  24 goblins
  10 hobgoblins
  15 jackals
  2 quokkas
  A ball python skeleton (D:5)
  4 frilled lizards
  A giant cockroach zombie (D:5)
  11 kobolds
  7 rats
  A spectral orc (D:9)
269 creatures vanquished.

Vanquished Creatures (others)
  A fungus (D:10)
  16 plants (D:10)
17 creatures vanquished.

Grand Total: 286 creatures vanquished

Notes
Turn   | Place    | Note
-------+----------+-------------------------------------------
     0 | D:5      | porpoise the Minotaur Delver began the quest for the Orb.
     0 | D:5      | Reached XP level 1. HP: 19/19 MP: 0/0
    53 | D:3      | Reached skill level 3 in Maces & Flails
    53 | D:3      | Reached XP level 2. HP: 17/27 MP: 1/1
   260 | D:3      | Reached XP level 3. HP: 32/34 MP: 2/2
   263 | D:3      | Found an opulent altar of Gozag.
   590 | D:1      | Reached skill level 4 in Maces & Flails
   861 | D:1      | Reached XP level 4. HP: 41/41 MP: 3/3
  1008 | D:1      | Reached skill level 5 in Fighting
  1705 | D:2      | Noticed Terence
  1721 | D:2      | Killed Terence
  2215 | D:3      | Reached XP level 5. HP: 34/50 MP: 4/4
  2220 | D:2      | Reached skill level 5 in Maces & Flails
  2576 | D:3      | Reached XP level 6. HP: 57/57 MP: 5/5
  2778 | D:3      | Reached skill level 6 in Maces & Flails
  2914 | D:3      | Found a glowing golden altar of the Shining One.
  2928 | D:3      | Became a worshipper of the Shining One
  3049 | D:4      | Found a shimmering altar of Xom.
  3051 | D:4      | Found a shimmering altar of Xom.
  3078 | D:4      | Noticed Robin
  3096 | D:4      | Killed Robin
  3195 | D:4      | Found Eskaodgh's Jewellery Emporium.
  3383 | D:4      | Reached skill level 7 in Maces & Flails
  3383 | D:4      | Reached XP level 7. HP: 61/66 MP: 6/6
  3960 | D:5      | Found a hazy altar of Hepliaklqana.
  4081 | D:5      | Reached skill level 8 in Maces & Flails
  4298 | D:5      | Reached skill level 9 in Maces & Flails
  4425 | D:5      | Reached skill level 1 in Armour
  4431 | D:5      | Reached XP level 8. HP: 64/73 MP: 7/7
  4904 | D:5      | Found Konn's Weapon Shoppe.
  5048 | D:5      | Reached * piety under the Shining One
  5421 | D:6      | Reached skill level 10 in Maces & Flails
  5443 | D:6      | Identified the +2 leather armour of Xaniez Folik {rElec
                  | MP+9 Int+7}
  5590 | D:6      | Reached skill level 1 in Invocations
  5763 | D:6      | Identified the +2 pair of gloves of the Slug {Str+4 Int+2}
  5823 | D:6      | Found a staircase to the Ecumenical Temple.
  5903 | D:6      | Found a glowing silver altar of Zin.
  5903 | D:6      | Found a faded altar of an unknown god.
  5911 | D:6      | Found a snail-covered altar of Cheibriados.
  5913 | D:6      | Found a stormy altar of Qazlal.
  5915 | D:6      | Found a shimmering altar of Xom.
  5993 | D:6      | Reached skill level 5 in Armour
  6584 | D:7      | Reached XP level 9. HP: 53/79 MP: 10/10
  6770 | D:7      | You fall into a shaft and drop 2 floors!
  6776 | D:9      | Reached skill level 1 in Evocations
  6857 | D:9      | Noticed a two-headed ogre
  6894 | D:8      | Found Kusysett's Antique Armour Shop.
  6899 | D:8      | Reached ** piety under the Shining One
  6913 | D:8      | Reached skill level 11 in Maces & Flails
  6932 | D:8      | Noticed Gastronok
  6951 | D:8      | HP: 2/79 [Gastronok (24)]
  6953 | D:8      | Killed Gastronok
  6954 | D:8      | Reached skill level 13 in Maces & Flails
  6954 | D:8      | Reached XP level 10. HP: 3/86 MP: 11/11
  7301 | D:8      | Bought a kite shield for 130 gold pieces
  7565 | D:7      | Found Atzoi's General Store.
  7586 | D:7      | Reached skill level 1 in Shields
  7916 | D:7      | Found the +5 scythe "Finisher" {speed, eviscerate}
  8142 | D:7      | Reached skill level 5 in Invocations
  8359 | D:8      | Found a shadowy altar of Dithmenos.
  8529 | D:8      | Reached *** piety under the Shining One
  8548 | D:8      | Noticed Pikel
  8560 | D:8      | Killed Pikel
  8561 | D:8      | Reached skill level 5 in Shields
  8710 | D:8      | Found a broken altar of Ashenzari.
  9074 | D:8      | Noticed a two-headed ogre
  9080 | D:8      | Killed a two-headed ogre
  9149 | D:9      | Killed a two-headed ogre
  9150 | D:9      | Reached skill level 14 in Maces & Flails
  9150 | D:9      | Reached skill level 5 in Dodging
  9401 | D:9      | Found Oleujeta's General Store.
  9424 | D:9      | Reached XP level 11. HP: 92/92 MP: 13/13
  9673 | D:9      | Found a staircase to the Orcish Mines.
 10424 | D:9      | Found an iron altar of Okawaru.
 10666 | D:9      | Found a basalt altar of Yredelemnul.
 10817 | D:10     | Entered Level 10 of the Dungeon
 10842 | D:10     | Reached **** piety under the Shining One
 10985 | D:10     | Found a staircase to the Lair.
 10998 | D:10     | Noticed Erolcha
 11005 | D:10     | Cast into level 1 of the Abyss (Erolcha)
 11019 | Abyss:1  | Noticed a tentacled starspawn
 11086 | Abyss:1  | Noticed a white draconian stormcaller
 11094 | Abyss:1  | Killed from afar by a raiju

Illustrated notes

Levels and vault maps discovered:
D:1:      dpeg_arrival_renting, layout_loops_corners,
          minmay_misc_feat_secret_circle, kennysheep_nondescript
D:2:      layout_rooms, uniq_terence
D:3:      layout_basic, nicolae_overflow_crystal_walls,
          nicolae_tso_swordbearing_angel, minmay_ogre_servants
D:4:      layout_loops_corners, serial_shops, nicolae_shop_statue_plus,
          xom_redecorated, uniq_robin
D:5:      layout_gridville, lemuel_crystal_altar, serial_shops, shop_statue,
          minmay_crystal_water
D:6:      layout_loops_ring, chequers_temple_overflow_minitemple,
          minmay_temple_entry_drinking_statues
D:7:      layout_cave_pods, serial_shops, kennysheep_little_box,
          minmay_guarded_unrand_finisher
D:8:      layout_basic, grunt_dithmenos_smoke_and_mirrors,
          overflow_temple_1_default, serial_shops, nicolae_shop_waterfront,
          due_unseen_surprise, uniq_gastronok, uniq_pikel
D:9:      layout_stronghold, marbit_many_paths,
          yredelemnul_forgotten_temple_becter,
          kennysheep_orc_monster_closet_entryway, serial_shops,
          nicolae_shop_trees, minivault_1
D:10:     layout_loops_ring, minmay_lair_entry_grove, enter_trove_3,
          uniq_erolcha
Abyss:1:  base:
D:2

Skill      XL: |  1  2  3  4  5  6  7  8  9 10 11 |
---------------+----------------------------------+-----
Fighting       | 4 5 6 7 9 |  9.0
Maces & Flails | 3 4 5 7 9 10 13 14 | 14.0
Armour         | 2 5 7 |  7.0
Invocations    | 3 5 |  5.0
Evocations     | 3 |  3.0
Shields        | 5 |  5.8
Dodging        | 5 7 |  7.0
Stealth        | |  4.1

Action                   |  1- 3 |  4- 6 |  7- 9 | 10-12 || total
-------------------------+-------+-------+-------+-------++-------
Melee: Mace              |    50 |    23 |       |       ||    73
       Headbutt          |     9 |    19 |    27 |    56 ||   111
       Flail             |       |   106 |   139 |   226 ||   471
 Fire: Hunting sling     |     1 |    62 |   115 |    90 ||   268
Throw: Dart              |       |     3 |       |       ||     3
       Javelin           |       |       |       |     3 ||     3
Evoke: Wand              |       |       |       |     1 ||     1
  Use: Scroll            |       |     6 |     6 |     4 ||    16
       Potion            |       |       |     1 |     1 ||     2
 Stab: Sleeping          |       |     1 |       |       ||     1
Armor: Ring mail         |    14 |    52 |    64 |    76 ||   206
       Leather armour    |     1 |       |       |       ||     1
Dodge: Dodged            |    29 |   100 |    98 |    81 ||   308
Block: Kite shield       |       |       |       |   137 ||   137

Table legend: (Time is in decaauts)
 A = Elapsed time spent in this place.
 B = Non-inter-level travel time spent in this place.
 C = Inter-level travel time spent in this place.
 D = Time resting spent in this place.
 E = Time spent auto-exploring this place.
 F = Levels seen in this place.
 G = Mean time per level.
                   A        B        C        D        E       F      G
               +--------+--------+--------+--------+--------+-----+--------+
         Total |  11158 |  10850 |    308 |   2900 |   5616 |  11 | 1014.4 |
       Dungeon |  11071 |  10763 |    308 |   2900 |   5616 |  10 | 1107.1 |
         Abyss |     86 |     86 |      0 |      0 |      0 |   1 |   86.0 |
               +--------+--------+--------+--------+--------+-----+--------+

Top non-repeatable levels by time:
     D:8: 1860 daAuts
     D:5: 1413 daAuts
     D:9: 1313 daAuts
     D:6: 1146 daAuts
     D:7: 1135 daAuts
     D:1: 1115 daAuts
     D:4: 1072 daAuts
     D:2: 999 daAuts
     D:3: 831 daAuts
    D:10: 183 daAuts
 Abyss:1: 86 daAuts
